 Dungeon Crawl Stone Soup version 0.29.0-5-ge4962eb29e (console) character file.

Game seed: 892212627830598373

47523 jejorda2 the Blocker (level 14, -4/79 HPs)
             Began as a Vine Stalker Berserker on Aug 29, 2022.
             Was an Elder of Trog.
             Drowned by a drowned soul (7 damage)
             ... summoned by a merfolk avatar
             ... on level 5 of the Lair of Beasts.
             The game lasted 00:51:14 (16139 turns).

jejorda2 the Blocker (Vine Stalker Berserker)      Turns: 16139, Time: 00:51:15

Health: -4/79      AC: 22    Str: 25    XL:     14   Next: 42%
Magic:  0/15       EV:  7    Int:  7    God:    Trog [****..]
Gold:   1072       SH: 13    Dex: 14    Spells: 13/13 levels left

rFire   + + +      SeeInvis .   a - +4 quick blade of Poqor {flame, rF++}
rCold   . . .      Faith    .   C - +0 kite shield
rNeg    . . .      Spirit   +   w - +0 plate armour
rPois   .          Reflect  .   k - +2 helmet
rElec   .          Harm     .   H - +2 cloak {rF+}
rCorr   .          Rampage  .   (no gloves)
Will    +....                   G - +0 pair of boots
Stlth   ..........              i - amulet of magic regeneration
HPRegen 1.03/turn               p - ring of protection from fire
MPRegen 0.54/turn               (no ring)

@: mesmerised, very slow
A: fangs 3, regeneration 1, magic shield, antimagic bite, no potion heal 2
a: Renounce Religion, Berserk, Trog's Hand, Brothers in Arms


You were on level 5 of the Lair of Beasts.
You worshipped Trog.
Trog was greatly pleased with you.
You visited 2 branches of the dungeon, and saw 14 of its levels.
You also visited: Volcano.

You collected 1316 gold pieces.
You spent 244 gold pieces at shops.

Inventory:

Hand Weapons
 a - the +4 quick blade of Poqor (weapon) {flame, rF++}
   (Trog gifted it to you on level 5 of the Lair of Beasts)

   It burns those it strikes, dealing additional fire damage.
   rF:        It greatly protects you from fire.
 E - a +2 dagger of chaos
 L - the +9 sling "Nuyhudom" {venom, Contam rElec rPois rC++}
   (You found it on level 5 of the Lair of Beasts)

   Any ammunition fired from it poisons the flesh of those it strikes.
   rC:        It greatly protects you from cold.
   rElec:     It insulates you from electricity.
   rPois:     It protects you from poison.
   Contam:    It causes magical contamination when unequipped.
 O - the +6 rapier "Uducvuh" {elec, rPois Str+9 SInv Stlth-}
   (You found it on level 5 of the Lair of Beasts)

   It occasionally discharges a powerful burst of electricity upon striking a
   foe.
   Str:       It affects your strength (+9).
   rPois:     It protects you from poison.
   SInv:      It lets you see invisible.
   Stlth:     It makes you less stealthy.
Missiles
 f - 99 stones (quivered)
 y - 8 curare-tipped darts
 B - 28 poisoned darts
Armour
 k - a +2 helmet (worn)
 w - a +0 plate armour (worn)
 C - a +0 kite shield (worn)
 G - a +0 pair of boots (worn)
 H - a +2 cloak of fire resistance (worn)
Jewellery
 i - an amulet of magic regeneration (around neck)
 p - a ring of protection from fire (left hand)
Wands
 g - a wand of polymorph (17)
 j - a wand of paralysis (1)
 t - a wand of digging (9)
 x - a wand of acid (9)
 F - a wand of mindburst (5)
 J - a wand of iceblast (20)
Scrolls
 c - 5 scrolls of teleportation
 e - 4 scrolls of fog
 o - 3 scrolls of immolation
 s - a scroll of enchant armour
 v - 4 scrolls of magic mapping
 M - a scroll of vulnerability
 N - 2 scrolls of identify
Potions
 b - 8 potions of curing
 d - a potion of flight
 h - 3 potions of cancellation
 l - 2 potions of invisibility
 n - 3 potions of attraction
 q - a potion of mutation
 r - 6 potions of might
 u - a potion of haste {unknown}
 z - a potion of berserk rage
 A - 3 potions of lignification
 D - a potion of ambrosia {unknown}
 K - a potion of resistance {unknown}


   Skills:
 + Level 11.0 Fighting
 - Level 10.0 Short Blades
 * Level 9.2 Armour
 - Level 1.5 Dodging
 - Level 14.0 Shields
 - Level 6.0 Evocations


You had 13 spell levels left.
You didn't know any spells.
Your spell library was empty.

Dungeon Overview and Level Annotations

Branches:
Dungeon (9/15)             Temple (0/1) D:7            Lair (5/5) D:8
 Shoals (0/4) Lair:3       Spider (0/4) Lair:3        Slime (0/5) Lair:4
    Orc (0/2) D:9         Volcano (visited)

Altars:
Cheibriados
Dithmenos
Elyvilon
Fedhas
Gozag
Okawaru
Qazlal
Ru
Trog
Yredelemnul
Zin
Jiyva

Shops:
D:3 *

Annotations:
D:6 exclusion: 2 doors
Lair:2 1 runed translucent door


Innate Abilities, Weirdness & Mutations

You have razor-sharp teeth.
Your natural rate of healing is unusually fast.
When hurt, damage is shared between your health and your magic reserves.
Your bite disrupts and absorbs the magic of your enemies.
Potions cannot restore your health.


Message History

Unknown command.
Unknown command.
Aiming: Corrosive Bolt
Press: ? - help, Shift-Dir - straight line, f - merfolk avatar
Aim: a merfolk avatar (water, lightly wounded, mesmerising, 67% to hit)
The bolt of acid hits the merfolk avatar!!
The merfolk avatar is moderately wounded.
You block the drowned soul's attack. The drowned soul touches you.
The drowned soul drowns you! The drowned soul touches you.
The drowned soul drowns you! You block the drowned soul's attack.
The drowned soul touches you. The drowned soul drowns you!
* * * LOW HITPOINT WARNING * * *
The snapping turtle bites you from afar!
* * * LOW HITPOINT WARNING * * *
The drowned soul touches you. The drowned soul drowns you!
* * * LOW HITPOINT WARNING * * *
Unknown command.
Blink to where?
Press: ? - help, Dir - move target, p - merfolk avatar Splash!
As you read the scroll of blinking, it crumbles to dust.
The merfolk avatar chants its luring song.
Unknown command.
It was a potion of magic.
Magic courses through your body.
The merfolk avatar chants its luring song.
Aiming: Corrosive Bolt
Press: ? - help, Shift-Dir - straight line, f - drowned soul
Aim: a drowned soul (summoned, 64% to hit)
The bolt of acid hits the drowned soul!!
You destroy the drowned soul!
The drowned soul returns to the deep!
The drowned soul touches you. The drowned soul drowns you!
* * * LOW HITPOINT WARNING * * *
You block the snapping turtle's attack. Magic courses through your body.
The merfolk avatar chants its luring song.
The snapping turtle bites you from afar!
* * * LOW HITPOINT WARNING * * *
The drowned soul touches you. The drowned soul drowns you!
You die...

.P#..~.~~~##~~##~~##...#
~~~~~#~.~#~~~~~~~~~P~..#
~~~~~~.~~~~~~~~~~~~~~..#
#####~~~~##~###.#~##.... .
8#⌠~~.~.~#~⌠# ~~#~##~..P .
~~P~~~~~#~~~# ~~P~~... #
~#~~~~~~P~~~# ~~~~~~...
#.8###~##8~# ~~~##...P
#~~#[W@[#~~~~~~~~#.~.PP
P..#~.#~≈m)+~~~~~~~~~~..P#
.~.~~~~~~.~~~≈t!+ ~~~8
.~~~..# #~#~~#~.~#~##~:~[#
~ ~##~.# ##.~#~~.S #
###~## .~.~ .#.~~~~~
#~~.~~~~t~~# ~~~ ..~~~~~
#~~~~~P~.~~# ~ ..~##~#
#⌠~~..#.#~⌠# #~##.P
.P~~#~####~###~~
.########~#~.#


You could see a merfolk avatar (mesmerising), a snapping turtle and a drowned
soul (summoned).

Vanquished Creatures
  The ghost of Zeldest the Brawler, a journeyman TrCK of Xom (Lair:4)
  7 hydras
  A catoblepas (Lair:1)
  A dancing weapon (Volcano)
  A two-headed ogre (D:9)
  Sonja (Lair:5)
  A sea snake (Lair:5)
  5 wizards (Volcano)
  A necromancer (Lair:2)
  A wolf spider (Lair:3)
  3 manticores
  5 toenail golems (Volcano)
  A torpor snail (Lair:4)
  16 elephants
  4 black mambas
  10 cane toads
  6 rime drakes
  Psyche (D:8)
  A yaktaur (D:8)
  A kobold demonologist (D:9)
  10 komodo dragons
  A troll (D:8)
  4 polar bears
  A slime creature (D:7)
  A wind drake (Lair:5)
  2 snapping turtles
  16 blink frogs
  10 dream sheep (Lair:5)
  A culicivora (Lair:3)
  3 yaks
  A wraith (D:9)
  5 wyverns
  A redback (Lair:3)
  4 basilisks
  Menkaure (D:7)
  28 water moccasins
  2 ice beasts
  4 orc warriors
  A sky beast (D:7)
  4 black bears
  11 wolves
  4 centaurs
  3 ogres
  A phantom (D:5)
  4 kobold brigands
  A gnoll sergeant (D:4)
  A necrophage (D:5)
  13 bullfrogs
  3 scorpions
  9 wights
  9 killer bees (D:7)
  2 howler monkeys
  3 electric eels
  4 hounds
  4 orc priests
  Crazy Yiuf (D:6)
  7 jellies
  3 iguanas
  An orc wizard (D:6)
  6 polar bear simulacra (Lair:2)
  A yak simulacrum (Lair:2)
  A wolf simulacrum (Lair:2)
  Robin (D:2)
  24 adders
  8 gnolls (D:4)
  A shadow imp (D:7)
  A worm (D:2)
  3 dart slugs
  35 orcs
  5 bats
  16 endoplasms
  3 giant cockroaches
  12 goblins
  14 hobgoblins
  2 jackals (D:4)
  4 quokkas
  7 ball pythons
  3 frilled lizards
  19 kobolds
  2 rats
  3 river rat simulacra (Lair:2)
423 creatures vanquished.

Vanquished Creatures (collateral kills)
  A cyclops (D:8)
  An elephant (Lair:4)
  3 yaks (D:8)
5 creatures vanquished.

Vanquished Creatures (others)
  35 fungi
  50 plants
  11 toadstools
96 creatures vanquished.

Grand Total: 524 creatures vanquished

Notes
Turn   | Place    | Note
-------+----------+-------------------------------------------
     0 | D:1      | jejorda2 the Vine Stalker Berserker began the quest for the
                  | Orb.
     0 | D:1      | Reached XP level 1. HP: 11/11 MP: 2/2
    65 | D:1      | Found a faded altar of an unknown god.
   666 | D:1      | Reached XP level 2. HP: 16/16 MP: 3/3
  1025 | D:1      | You fall into a shaft and drop 1 floor!
  1532 | D:2      | Noticed Robin
  1542 | D:2      | Reached XP level 3. HP: 20/20 MP: 4/4
  1563 | D:2      | Killed Robin
  2122 | D:2      | Gained mutation: Your natural rate of healing is unusually
                  | fast. [Vine Stalker growth]
  2122 | D:2      | Reached XP level 4. HP: 24/24 MP: 5/5
  2548 | D:3      | Reached ** piety under Trog
  2642 | D:3      | Found Zajinas's Assorted Antiques.
  2672 | D:3      | Bought a glowing ruby potion for 22 gold pieces
  2672 | D:3      | Bought a sapphire potion for 22 gold pieces
  3139 | D:3      | Reached XP level 5. HP: 10/28 MP: 2/6
  3263 | D:3      | Bought a twisted fluorescent wand for 100 gold pieces
  3298 | D:4      | Found a bloodstained altar of Trog.
  3359 | D:4      | Noticed a black bear
  3363 | D:4      | Killed a black bear
  3364 | D:4      | Reached skill level 5 in Short Blades
  3484 | D:4      | Reached XP level 6. HP: 33/33 MP: 7/7
  3668 | D:4      | Reached *** piety under Trog
  3707 | D:4      | Found a blossoming altar of Fedhas.
  4381 | D:5      | Entered Level 5 of the Dungeon
  4448 | D:5      | Reached XP level 7. HP: 38/38 MP: 8/8
  4702 | D:5      | Reached skill level 5 in Fighting
  4706 | D:5      | Identified the +7 falchion "Bygounacw" {antimagic, rF+
                  | Str+4}
  4864 | D:5      | Gained mutation: You have razor-sharp teeth. [Vine Stalker
                  | growth]
  4864 | D:5      | Reached XP level 8. HP: 43/43 MP: 9/9
  4904 | D:5      | Found a glowing silver altar of Zin.
  5149 | D:6      | Found a runed translucent door.
  5150 | D:6      | Noticed Crazy Yiuf
  5160 | D:6      | Killed Crazy Yiuf
  5302 | D:6      | Reached skill level 1 in Shields
  5431 | D:6      | Found a basalt altar of Yredelemnul.
  5711 | D:6      | Noticed a manticore
  5726 | D:6      | Killed a manticore
  5727 | D:6      | Reached skill level 2 in Shields
  5727 | D:6      | Reached XP level 9. HP: 20/48 MP: 6/10
  5789 | D:6      | loot with eels
  5860 | D:7      | Reached skill level 3 in Shields
  5969 | D:7      | Found a staircase to the Ecumenical Temple.
  6076 | D:7      | Found a shadowy altar of Dithmenos.
  6257 | D:7      | Reached skill level 4 in Shields
  6326 | D:7      | Reached skill level 10 in Short Blades
  6400 | D:7      | Noticed Menkaure
  6407 | D:7      | Killed Menkaure
  6537 | D:7      | Reached **** piety under Trog
  6538 | D:7      | Reached skill level 1 in Evocations
  6868 | D:7      | Reached XP level 10. HP: 49/53 MP: 11/11
  6889 | D:7      | Reached skill level 5 in Shields
  7213 | D:3      | Bought a wooden wand for 100 gold pieces
  7369 | D:8      | Noticed Psyche
  7377 | D:8      | Killed Psyche
  7612 | D:8      | Found a runed translucent door.
  7692 | D:8      | Found a staircase to the Lair.
  8178 | D:8      | Reached skill level 5 in Armour
  8314 | D:8      | Noticed a cyclops
  8329 | D:8      | Killed a cyclops
  8420 | D:9      | Found a sacrificial altar of Ru.
  8475 | D:9      | Noticed a kobold demonologist
  8484 | D:9      | Killed a kobold demonologist
  8572 | D:9      | Found an iron altar of Okawaru.
  8609 | D:9      | Reached XP level 11. HP: 58/58 MP: 12/12
  8804 | D:9      | Found a staircase to the Orcish Mines.
  8818 | D:9      | Found a white marble altar of Elyvilon.
  8827 | D:9      | Found a snail-covered altar of Cheibriados.
  8835 | D:9      | Found a stormy altar of Qazlal.
  8954 | D:9      | Noticed a two-headed ogre
  8965 | D:9      | Killed a two-headed ogre
  8970 | D:9      | Reached skill level 5 in Evocations
  9004 | D:9      | Found an opulent altar of Gozag.
  9359 | Lair:1   | Entered Level 1 of the Lair of Beasts
  9502 | Lair:1   | Noticed a catoblepas
  9528 | Lair:1   | Killed a catoblepas
  9678 | Lair:1   | Reached skill level 6 in Shields
  9767 | Lair:1   | Identified the +11 whip "Roschut" {pain, Int+4}
 10539 | Lair:1   | Reached skill level 7 in Shields
 10766 | Lair:2   | Found a dark tunnel.
 10774 | Volcano  | Entered a volcano
 10776 | Volcano  | Noticed a wizard
 10820 | Volcano  | Killed a wizard
 10855 | Volcano  | Noticed a wizard
 10865 | Volcano  | Killed a wizard
 10866 | Volcano  | Reached skill level 8 in Shields
 10866 | Volcano  | Reached XP level 12. HP: 66/66 MP: 13/13
 10947 | Volcano  | Reached skill level 9 in Shields
 11332 | Lair:2   | Reached skill level 10 in Shields
 11571 | Lair:2   | Reached skill level 11 in Shields
 11834 | Lair:2   | Noticed a catoblepas
 11834 | Lair:2   | Noticed a catoblepas
 11861 | Lair:2   | Found a runed translucent door.
 12007 | Lair:2   | Noticed a four-headed hydra
 12016 | Lair:2   | Killed a four-headed hydra
 12077 | Lair:2   | Noticed an eight-headed hydra
 12085 | Lair:2   | Killed an eight-headed hydra
 12086 | Lair:2   | Reached skill level 12 in Shields
 12398 | Lair:2   | loot past eeel,Y
 12476 | Lair:3   | Reached XP level 13. HP: 54/70 MP: 12/14
 12912 | Lair:3   | Reached ***** piety under Trog
 13212 | Lair:3   | Found a staircase to the Shoals.
 13409 | Lair:3   | Found a hole to the Spider Nest.
 13704 | Lair:4   | Reached skill level 13 in Shields
 14102 | Lair:4   | Found a viscous altar of Jiyva.
 14103 | Lair:4   | Found a staircase to the Slime Pits.
 14203 | Lair:4   | Reached skill level 10 in Fighting
 14366 | Lair:4   | Found a runed translucent door.
 14370 | Lair:4   | Noticed Zeldest's ghost (journeyman TrCK)
 14798 | Lair:4   | Killed Zeldest's ghost
 14799 | Lair:4   | Reached skill level 14 in Shields
 14864 | Lair:5   | Entered Level 5 of the Lair of Beasts
 14944 | Lair:5   | Noticed Sonja
 14946 | Lair:5   | Killed Sonja
 14974 | Lair:5   | Identified the +4 quick blade of Poqor {flame, rF++} (Trog
                  | gifted it to you on level 5 of the Lair of Beasts)
 14974 | Lair:5   | Received a gift from Trog
 15137 | Lair:5   | Reached XP level 14. HP: 77/77 MP: 15/15
 15654 | Lair:5   | Identified the +9 sling "Nuyhudom" {venom, Contam rElec
                  | rPois rC++}
 16126 | Lair:5   | Identified the +6 rapier "Uducvuh" {elec, rPois Str+9 SInv
                  | Stlth-}
 16139 | Lair:5   | HP: 3/79 [snapping turtle (2)]
 16139 | Lair:5   | Drowned by a drowned soul

Illustrated notes

#.##.######SS!≈≈##.##.#####.#.#
#.#)##≈S≈##/.S$.##.##.......#.#
#.#~#≈SS≈≈#~P..[##.##.#######.#
#.#~#..($.#.P.P~##.##.#### #.#
#.#~#!PP~~#.....##.......# #.#
##.#.#.P.P~#.... ####.##.# #.#
...#.#.....##..+###.......# #.#
..##.#.... #####..#..#.#######.#
..##.##..+##~~~.@##.†..........#
...##~####.†~#######.#..########
...###~~~..###............###
.....#######...######<..#...#
......<[)..#............###.#
#####..###.##..######[..# #.#
#..........####...#.# #.#
#####.####.#..........#.# #.#
...........#.....#...<#.# #.#


Turn 5789 on D:6: loot with eels ..P~≈≈≈~P....♣ ♣............#... .~≈≈≈≈PP...♣♣♣
♣...........###.. ~≈≈≈≈~~~~♣♣♣ ♣...........##... P≈≈≈♣♣♣♣♣♣♣♣♣♣
♣♣...........#... ~≈≈≈♣♣~~♣♣♣~~♣♣♣♣♣..........#....
~≈≈≈~~~≈~~~~~~~~♣♣♣♣........#.... ~~≈~≈~≈~≈~≈≈≈~≈≈≈♣♣.........###.P
♣~~≈~~♣♣~♣≈≈≈~~~≈♣♣♣............# ♣♣♣#♣♣.♣♣#♣#♣♣♣~@♣♣.............. # *#.##
##+#♣♣♣..#######.## ***####* *****~Y# #### #### ,*#Y~Y≈****~~~~~≈#
##~~#S~~8*~~~~≈~~# ~#~~##≈~~~~~##≈≈≈# ~~~≈**#S~~~**8≈≈≈# ###** *####*###### Turn
12398 on Lair:2: loot past eeel,Y

Levels and vault maps discovered:
D:1:      dpeg_arrival_solitude, layout_basic,
          hellmonk_ecumenical_altar_heavens_door
D:2:      layout_loops_corners, serial_bayou_pond_e, palyth_stone_intersect,
          uniq_robin
D:3:      layout_basic, serial_shops, nicolae_shop_overgrown_old_shop,
          minmay_misc_feat_nine_boxes
D:4:      nicolae_cairo_tiling, layout_basic, nicolae_overflow_hidden_temple,
          bloody_trog, minmay_fountain_box, nicolae_grassy_gnolls
D:5:      layout_basic, lemuel_doored_altar, dreamdust_mushroom_princess
D:6:      cheibrodos_two_vegetables, layout_basic, mainiacjoe_overflow_alcove_2,
          uniq_crazy_yiuf_cottage
D:7:      cheibrodos_fertilizer, layout_basic, mainiacjoe_overflow_tiny_flanked,
          minmay_temple_entry_butterflies, eino_jars, uniq_menkaure
D:8:      layout_cave_pods, dpeg_oklobed_lair, serial_column_ruins,
          column_ruins_hut, column_ruins_square_small,
          column_ruins_columns_straight, column_ruins_grid_3,
          column_ruins_open_tiny, column_ruins_open_small,
          column_ruins_corridor_straight, column_ruins_corridor_corner,
          dreamdust_deal_with_the_devil, wad_hexagon, uniq_psyche
D:9:      layout_long_grid, mainiacjoe_overflow_concentric_impassable,
          nicolae_ru_great_annihilating_truth, mainiacjoe_overflow_paths,
          minmay_overflow_temple_star_quad, orc_0_dummy
Lair:1:   layout_concentric_octagons, grunt_megastairs_4
Lair:2:   gammafunk_lair_enchanted_lake, layout_regular_city,
          nicolae_volcano_entry_hallway, eino_house_with_fridge,
          grunt_megastairs_5, serial_bayou_shore_a
Lair:3:   lemuel_reptile_caves, layout_loops_ring, minmay_shoals_entry_hut,
          spider_nest_entry_funnel_web, minivault_25, lemuel_fruit_fields,
          infiniplex_staircase_pool_2, lemuel_fruit_fields
Lair:4:   layout_small_grid, nicolae_slime_entry_slimehenge,
          ebering_ghost_inner_flame, lemuel_fruit_fields
Lair:5:   gammafunk_lair_ancient_temple, layout_cave_pods, uniq_sonja

Skill      XL: |  1  2  3  4  5  6  7  8  9 10 11 12 13 14 |
---------------+-------------------------------------------+-----
Short Blades   | 3 4 5 6 7 8 10 | 10.0
Fighting       | 3 4 5 6 7 9 10 11 | 11.0
Shields        | 2 4 5 8 12 14 | 14.0
Armour         | 3 5 6 7 9 |  9.2
Evocations     | 1 4 6 |  6.0
Dodging        | |  1.5

Action                   |  1- 3 |  4- 6 |  7- 9 | 10-12 | 13-15 || total
-------------------------+-------+-------+-------+-------+-------++-------
Melee: Dagger            |   123 |   179 |   370 |   763 |   460 ||  1895
       Bite              |    32 |    53 |   115 |   311 |   310 ||   821
       Short sword       |     4 |       |       |       |       ||     4
       Punch             |     1 |     1 |     2 |       |       ||     4
       Quick blade       |       |       |       |       |   274 ||   274
Throw: Stone             |     7 |       |     1 |     4 |     7 ||    19
       Dart              |       |       |       |     5 |       ||     5
Invok: Berserk           |     2 |     3 |    11 |    16 |    13 ||    45
       Trog's Hand       |       |       |     2 |     7 |     1 ||    10
       Brothers in Arms  |       |       |       |     2 |     1 ||     3
Evoke: Wand              |       |       |     1 |       |     6 ||     7
  Use: Scroll            |       |     9 |     3 |    13 |     3 ||    28
       Potion            |       |       |       |       |     2 ||     2
 Stab: Paralysed         |       |       |     1 |     1 |       ||     2
       Distracted        |       |       |       |     1 |       ||     1
Armor: Ring mail         |    29 |    26 |       |       |       ||    55
       Scale mail        |       |    15 |    62 |       |       ||    77
       Plate armour      |       |       |    56 |   294 |   242 ||   592
Dodge: Dodged            |    66 |    62 |   103 |   106 |    92 ||   429
Block: Buckler           |       |       |    24 |    26 |       ||    50
       Kite shield       |       |       |       |   211 |   248 ||   459
